 Dungeon Crawl Stone Soup version 0.30-a0-578-gdee14c521f (webtiles) character file.

Game seed: 10654037725698086859

3633 Newt the Cudgeller (level 9, 0/62 HPs)
             Began as a Demonspawn Gladiator on Dec 31, 2022.
             Was a Follower of Hepliaklqana.
             Slain by a shadow (25 damage)
             ... on level 7 of the Dungeon.
             The game lasted 00:13:08 (11182 turns).

Newt the Cudgeller (Demonspawn Gladiator)          Turns: 11182, Time: 00:13:09

Health: 0/62       AC: 21    Str: 20    XL:     9   Next: 87%
Magic:  9/9        EV: 13    Int:  9    God:    Hepliaklqana [*.....]
Gold:   261        SH:  5    Dex: 14    Spells: 8/8 levels left

rFire   . . .      SeeInvis .    r - +3 flail (protect)
rCold   . . .      Faith    .    z - +0 buckler
rNeg    + . .      Spirit   .    p - +0 steam dragon scales
rPois   .          Reflect  .    c - +0 helmet
rElec   .          Harm     .    (no cloak)
rCorr   .          Rampage  .    (no gloves)
Will    .....                    (no boots)
Stlth   ++                       (no amulet)
HPRegen 0.30/turn                x - +4 ring of protection
MPRegen 0.11/turn                t - ring of positive energy

@: under a protective aura
A: reduced essence, molten scales 2, foul stench 1, weakness stinger 2
a: Renounce Religion, Recall Ancestor, Ancestor Identity


You were on level 7 of the Dungeon.
You worshipped Hepliaklqana.
Hepliaklqana was aware of your devotion.
You visited 2 branches of the dungeon, and saw 10 of its levels.
You also visited: Sewer.

You collected 261 gold pieces.

Inventory:

Hand Weapons
 a - a +0 rapier
 g - a +0 spear
 r - a +3 flail of protection (weapon)
Missiles
 l - a javelin (quivered)
 A - 12 poisoned darts
Armour
 b - a +0 leather armour
 c - a +0 helmet (worn)
 p - +0 steam dragon scales (worn)
 z - a +0 buckler (worn)
Jewellery
 t - a ring of positive energy (right hand)
 x - a +4 ring of protection (left hand)
 C - an amulet of the acrobat
Wands
 s - a wand of polymorph (5)
 v - a wand of paralysis (6)
Scrolls
 d - a scroll of blinking
 h - 2 scrolls of fog
 m - 3 scrolls of teleportation
 n - a scroll of amnesia
 u - 4 scrolls of magic mapping
 y - 2 scrolls of enchant weapon
 D - a scroll of enchant armour
Potions
 e - a potion of attraction {unknown}
 f - 3 potions of flight
 i - 2 potions of curing
 j - a potion of heal wounds
 k - 2 potions of haste
 o - 2 potions of berserk rage
 q - 3 potions of ambrosia
 w - a potion of cancellation
 B - a potion of invisibility {unknown}


   Skills:
 - Level 6.0 Fighting
 - Level 4.0 Short Blades
 + Level 7.2 Maces & Flails
 - Level 3.0 Throwing
 - Level 4.0 Armour
 - Level 4.0 Dodging
 - Level 2.0 Stealth
 - Level 5.0 Shields
 - Level 4.0 Evocations


You had 8 spell levels left.
You didn't know any spells.
Your spell library contained the following spells:

 Spells                   Type           Power      Damage    Failure   Level
 Magic Dart               Conj           0%         1d3       45%         1
 Sting                    Tmut/Pois      0%         1d3       45%         1
 Call Imp                 Summ           0%         N/A       61%         2
 Poisonous Vapours        Pois/Air       0%         N/A       61%         2
 Dazzling Flash           Conj/Hex       0%         N/A       83%         3
 Mephitic Cloud           Conj/Pois/Air  0%         N/A       83%         3
 Iskenderun's Mystic Bla  Conj/Tloc      0%         2d3       99%         4
 Olgreb's Toxic Radiance  Pois           0%         N/A       99%         4
 Starburst                Conj/Fire      0%         6d3       100%        6


Dungeon Overview and Level Annotations

Branches:
Dungeon (9/15)             Temple (1/1) D:4           Sewer (visited)
   Lair: D:8-11         Orc: D:9-12

Altars:
Ashenzari
Cheibriados
Dithmenos
Fedhas
Gozag
Hepliaklqana
Makhleb
Nemelex Xobeh
Okawaru
Ru
Sif Muna
Trog
Uskayaw
Wu Jian
Yredelemnul

Shops:
D:3 (


Innate Abilities, Weirdness & Mutations

Your life essence is reduced to manifest your ancestor. (-10% HP)
You are mostly covered in molten scales. (AC +3)
You may rarely emit foul miasma when damaged in melee.
You have a tail ending in a sharp stinger.


Message History

The shadow strikes at you from the darkness!
Reactivating autopickup.
Maggie barely misses you.
Maggie hits Tiberia but does no damage.
Tiberia closely misses Maggie.
You hit Maggie. You tail-slap Maggie!
Maggie is heavily wounded.
Maggie closely misses you.
Maggie barely misses Tiberia.
The shadow barely misses you.
Tiberia hits Maggie!
You hit Maggie. You tail-slap Maggie, but do no damage.
Maggie is severely wounded.
Maggie hits you with a +2 broad axe of pain.
Maggie hits Tiberia with a +2 broad axe of pain.
The shadow barely misses you.
Tiberia misses Maggie.
You closely miss Maggie.
Maggie is severely wounded.
The shadow closely misses you. Maggie closely misses you.
Maggie hits Tiberia with a +2 broad axe of pain!
Tiberia hits Maggie.
You closely miss Maggie.
Maggie is severely wounded.
Maggie gestures at you while chanting. The bolt of fire misses you.
The shadow barely misses you.
Tiberia hits Maggie.
You barely miss Maggie.
Maggie is severely wounded.
You break out of your daze.
You block Maggie's attack.
Maggie barely misses Tiberia.
The shadow barely misses you.
Tiberia hits Maggie.
You hit Maggie but do no damage. You tail-slap Maggie.
Maggie is severely wounded.
Maggie hits you but does no damage.
You writhe in agony.
Maggie hits Tiberia with a +2 broad axe of pain!
Tiberia is destroyed!
The shadow barely misses you.
You sock Maggie!
You kill Maggie!
The shadow slips into darkness.
The shadow flickers and vanishes!
Deactivating autopickup; reactivate with Ctrl-A.
The shadow strikes at you from the darkness!
You die...

.... #... . ### ... ..
#######.###..##...
##.#.##...#........
#.......#.#........
#.........#.)......
#.....##..@{......
#......#..##......
##.##.....# .....
#..###............
##..####...........
####....#.............
##.................#.
.
#.......)..(...##.###
##....#........# .....


There were no monsters in sight!

Vanquished Creatures
  A two-headed ogre (D:8)
  Maggie (D:7)
  Grinder (D:4)
  2 wyverns (D:8)
  2 steam dragons (D:8)
  Menkaure (D:7)
  Edmund (D:5)
  2 water moccasins
  Duvessa (D:4)
  2 orc warriors (D:6)
  An ogre (D:5)
  A centaur (D:8)
  2 kobold brigands
  4 bullfrogs
  A necrophage (D:6)
  Dowan (D:4)
  2 hounds
  A gnoll bouda (D:8)
  5 orc priests
  3 iguanas
  6 gnolls
  16 adders
  4 river rats (Sewer)
  An ufetubus (D:5)
  6 dart slugs
  13 orcs
  14 ball pythons
  10 endoplasms
  7 giant cockroaches
  8 goblins
  8 hobgoblins
  A jackal (D:1)
  15 kobolds
  7 quokkas
  11 bats
  3 frilled lizards
  37 rats
202 creatures vanquished.

Vanquished Creatures (collateral kills)
  2 howler monkeys (D:8)
  2 orc wizards
  3 gnolls (D:8)
  An orc (D:6)
  3 kobolds (D:8)
11 creatures vanquished.

Vanquished Creatures (others)
  2 ancestors
2 creatures vanquished.

Grand Total: 215 creatures vanquished

Notes
Turn   | Place    | Note
-------+----------+-------------------------------------------
     0 | D:1      | Newt the Demonspawn Gladiator began the quest for the Orb.
     0 | D:1      | Reached XP level 1. HP: 16/16 MP: 1/1
    99 | D:1      | Reached skill level 1 in Stealth
   113 | D:1      | Gained mutation: You are partially covered in molten
                  | scales. (AC +2) [demonic ancestry]
   113 | D:1      | Reached XP level 2. HP: 11/22 MP: 2/2
   641 | D:1      | Gained mutation: You are mostly covered in molten scales.
                  | (AC +3) [demonic ancestry]
   641 | D:1      | Reached XP level 3. HP: 26/27 MP: 3/3
  1443 | D:2      | Gained mutation: You may rarely emit foul miasma when
                  | damaged in melee. [demonic ancestry]
  1443 | D:2      | Reached XP level 4. HP: 34/34 MP: 4/4
  1785 | D:3      | Found a glowing drain.
  1819 | Sewer    | Entered a sewer
  1883 | Sewer    | HP: 2/54 [rat (2)]
  2202 | Sewer    | Gained mutation: You have a small tail. [demonic ancestry]
  2202 | Sewer    | Reached XP level 5. HP: 7/42 MP: 5/5
  3509 | Sewer    | Reached XP level 6. HP: 8/48 MP: 6/6
  3513 | Sewer    | HP: 3/72 [bullfrog (1)]
  5122 | D:3      | Found a snail-covered altar of Cheibriados.
  5185 | D:3      | Found Totofiw's Weapon Emporium.
  5485 | D:4      | Found a staircase to the Ecumenical Temple.
  5485 | D:4      | Noticed Dowan
  5571 | D:4      | Killed Dowan
  5585 | Temple   | Entered the Ecumenical Temple
  5759 | Temple   | Became a worshipper of Hepliaklqana the Forgotten
  5771 | D:4      | Noticed Duvessa
  5784 | D:4      | Killed Duvessa
  5785 | D:4      | Reached skill level 5 in Fighting
  5785 | D:4      | Reached XP level 7. HP: 23/56 MP: 7/7
  6515 | D:4      | Noticed Grinder
  6532 | D:4      | Paralysed by Grinder for 4 turns
  6541 | D:4      | Killed Grinder
  6542 | D:4      | Reached skill level 2 in Maces & Flails
  6590 | D:4      | Reached skill level 3 in Maces & Flails
  7107 | D:5      | Entered Level 5 of the Dungeon
  7473 | D:5      | Found a shadowy altar of Dithmenos.
  7488 | D:5      | Reached skill level 4 in Maces & Flails
  7488 | D:5      | Gained mutation: You have a tail ending in a sharp stinger.
                  | [demonic ancestry]
  7488 | D:5      | Reached XP level 8. HP: 31/64 MP: 8/8
  8114 | D:5      | Noticed Edmund
  8150 | D:5      | Killed Edmund
  8151 | D:5      | Reached skill level 5 in Maces & Flails
  8870 | D:6      | Reached * piety under Hepliaklqana
  8877 | D:6      | Reached skill level 6 in Maces & Flails
  8879 | D:6      | Reached skill level 1 in Armour
  9356 | D:6      | Found a blossoming altar of Fedhas.
  9356 | D:6      | You fall into a shaft and drop 2 floors!
  9441 | D:8      | Reached skill level 1 in Shields
  9479 | D:8      | Noticed a two-headed ogre
  9489 | D:8      | Killed a two-headed ogre
  9490 | D:8      | Reached XP level 9. HP: 38/62 MP: 9/9
  9819 | D:8      | Reached skill level 5 in Shields
  9820 | D:8      | Reached skill level 1 in Evocations
 11122 | D:7      | Noticed Menkaure
 11130 | D:7      | Killed Menkaure
 11131 | D:7      | Reached skill level 7 in Maces & Flails
 11167 | D:7      | Noticed Maggie
 11182 | D:7      | Killed Maggie
 11182 | D:7      | Slain by a shadow

Illustrated notes

Levels and vault maps discovered:
D:1:      dpeg_arrival_subterranean_lakeside_camping, layout_loops_ring,
          minmay_pentomino_v4
D:2:      layout_loops_ring
D:3:      layout_loops_ring, lemuel_doored_altar, zin_statuary,
          gup_sewer_entry_pipe, serial_shops, nicolae_shop_advertising_works
          [nicolae_subvault_shop_adworks]
D:4:      layout_loops_ring, minmay_temple_entry_wispy, minmay_misc_feat_chi,
          minmay_liquid_box, nicolae_zen_rock_garden, saegor_snake_ambush,
          uniq_duvessa, uniq_grinder
D:5:      layout_basic, grunt_dithmenos_smoke, uniq_edmund
D:6:      layout_rooms, fedhas_ov_isle_minmay,
          mainiacjoe_overflow_surrounded_room, minmay_misc_feat_plants,
          centaur_isle
D:7:      layout_cave_pools, lemuel_mausoleum_altar_kikubaaqudgha, serial_glass,
          glass_columns_b, glass_columns_c, nicolae_shop_gadgets, uniq_menkaure,
          uniq_maggie
D:8:      cheibrodos_steamvent, layout_cave_pods
D:9:      minmay_slanted_spiral_squares, layout_basic
Temple:   nicolae_temple_bog_church

Skill      XL: |  1  2  3  4  5  6  7  8  9 |
---------------+----------------------------+-----
Stealth        | 1 2 |  2.0
Throwing       | 2 3 |  3.0
Fighting       | 3 4 5 6 |  6.0
Short Blades   | 4 |  4.0
Dodging        | 3 4 |  4.0
Maces & Flails | 4 6 7 |  7.2
Armour         | 4 |  4.0
Shields        | 4 5 |  5.0
Evocations     | 4 |  4.0

Action                   |  1- 3 |  4- 6 |  7- 9 || total
-------------------------+-------+-------+-------++-------
Melee: Rapier            |   156 |   335 |       ||   491
       Punch             |       |     2 |       ||     2
       Tailslap          |       |    18 |    35 ||    53
       Spear             |       |    32 |       ||    32
       Flail             |       |    23 |   234 ||   257
       Unarmed           |       |     3 |       ||     3
Throw: Javelin           |       |     5 |     1 ||     6
       Throwing net      |       |     3 |     1 ||     4
Invok: Recall Ancestor   |       |       |     2 ||     2
Evoke: Wand              |       |       |     5 ||     5
  Use: Scroll            |     2 |     6 |     7 ||    15
       Potion            |     1 |    10 |     5 ||    16
 Stab: Sleeping          |     9 |     2 |     5 ||    16
       Paralysed         |       |       |     5 ||     5
       Distracted        |       |       |     3 ||     3
Armor: Leather armour    |    68 |   194 |   116 ||   378
       Skin              |       |    73 |       ||    73
       Steam dragon scal |       |       |    32 ||    32
Dodge: Dodged            |   107 |   326 |   202 ||   635
Block: Buckler           |       |       |    58 ||    58

Table legend: (Time is in decaauts)
 A = Elapsed time spent in this place.
 B = Non-inter-level travel time spent in this place.
 C = Inter-level travel time spent in this place.
 D = Time resting spent in this place.
 E = Time spent auto-exploring this place.
 F = Levels seen in this place.
 G = Mean time per level.
                   A        B        C        D        E       F      G
               +--------+--------+--------+--------+--------+-----+--------+
         Total |  11377 |  11114 |    263 |   4885 |   4468 |  11 | 1034.3 |
       Dungeon |   8642 |   8395 |    247 |   2999 |   4083 |   9 |  960.2 |
        Temple |    190 |    174 |     16 |      0 |    161 |   1 |  190.0 |
         Sewer |   2545 |   2545 |      0 |   1886 |    223 |   1 | 2545.0 |
               +--------+--------+--------+--------+--------+-----+--------+

Top non-repeatable levels by time:
   Sewer: 2545 daAuts
     D:5: 1922 daAuts
     D:8: 1790 daAuts
     D:4: 1421 daAuts
     D:2: 1188 daAuts
     D:1: 974 daAuts
     D:3: 936 daAuts
     D:6: 344 daAuts
  Temple: 190 daAuts
     D:7: 61 daAuts
     D:9: 1 daAuts
